BSA
EL DORADO OILERS @ NIAGARA FALLS FRENZY
06/04/2027
 
TOP OF THE 1ST
Birmingham Steeldogs batting - Pitching for Niagara Falls Frenzy : RHP Étienne Garcia
Pitching: RHP Étienne Garcia
Batting: RHB Nick Webb 0-0: Ball
1-0: Called Strike
1-1: Ground out 5-3 (Groundball, 56S)
Batting: LHB Ashley Pickhills 0-0: Ball
1-0: Ball
2-0: Called Strike
2-1: Ground out 4-3 (Groundball, 4)
Batting: LHB José Hernández 0-0: Called Strike
0-1: Ball
1-1: Swinging Strike
1-2: Ball
2-2: Ground out 1-3 (Groundball, 13S)
Top of the 1st over - 0 run(s), 0 hit(s), 0 error(s), 0 left on base; Birmingham 0 - Niagara Falls 0
BOTTOM OF THE 1ST
Niagara Falls Frenzy batting - Pitching for Birmingham Steeldogs : RHP Pete Cook
Pitching: RHP Pete Cook
Batting: RHB Jorge Cora 0-0: Called Strike
0-1: Ball
1-1: Called Strike
1-2: Fly out, F8 (Flyball, 8RD)
Batting: RHB Zander Tremblett 0-0: Foul Ball, location: 2F
0-1: Swinging Strike
0-2: Strikes out swinging
Batting: LHB Clyde Yarbrough 0-0: Swinging Strike
0-1: Ball
1-1: DOUBLE (Flyball, 7LD)
Batting: RHB Jung-ha Kim 0-0: Called Strike
0-1: Fly out, F7 (Flyball, 78M)
Bottom of the 1st over - 0 run(s), 1 hit(s), 0 error(s), 1 left on base; Birmingham 0 - Niagara Falls 0
TOP OF THE 2ND
Birmingham Steeldogs batting - Pitching for Niagara Falls Frenzy : RHP Étienne Garcia
Batting: RHB Valentín Borges 0-0: Ball
1-0: Foul Ball, location: 2F
1-1: Ground out 5-3 (Groundball, 56)
Batting: LHB Chris Miller 0-0: Called Strike
0-1: Ground out 1-3 (Groundball, 13)
Batting: RHB Sixto Vélez 0-0: Ground out 6-3 (Groundball, 6)
Top of the 2nd over - 0 run(s), 0 hit(s), 0 error(s), 0 left on base; Birmingham 0 - Niagara Falls 0
BOTTOM OF THE 2ND
Niagara Falls Frenzy batting - Pitching for Birmingham Steeldogs : RHP Pete Cook
Batting: RHB Luther Stoffels 0-0: Ball
1-0: Foul Ball, location: 2F
1-1: Ball
2-1: Foul Ball, location: 2F
2-2: Strikes out swinging
Batting: LHB Bill Hall 0-0: Swinging Strike
0-1: Ball
1-1: Foul Ball, location: 2F
1-2: Ball
2-2: Fly out, F8 (Flyball, 8LM)
Batting: RHB Cordell Gibson 0-0: Ball
1-0: Ball
2-0: Foul Ball, location: 2F
2-1: Swinging Strike
2-2: Foul Ball, location: 2F
2-2: DOUBLE (Line Drive, 7LS)
Batting: SHB Dave MacThomas 0-0: Foul Ball, location: 2F
0-1: Foul Ball, location: 2F
0-2: Strikes out swinging
Bottom of the 2nd over - 0 run(s), 1 hit(s), 0 error(s), 1 left on base; Birmingham 0 - Niagara Falls 0
TOP OF THE 3RD
Birmingham Steeldogs batting - Pitching for Niagara Falls Frenzy : RHP Étienne Garcia
Batting: LHB José Rivera 0-0: Ball
1-0: Called Strike
1-1: Ball
2-1: Called Strike
2-2: Ball
3-2: Base on Balls
Batting: SHB Orlando Aguilar 0-0: Swinging Strike
0-1: Ball
1-1: Called Strike
1-2: Ball
2-2: Strikes out swinging
Batting: LHB John Haney 0-0: Ball
1-0: Called Strike
1-1: Called Strike
1-2: Foul Ball, location: 2F
1-2: Ball
2-2: Ball
3-2: Base on Balls
José Rivera to second
Batting: RHB Nick Webb 0-0: Ball
1-0: Ground out 5-3 (Groundball, 56S)
José Rivera to third
John Haney to second
Batting: LHB Ashley Pickhills 0-0: Ball
1-0: Ball
2-0: Foul Ball, location: 2F
2-1: Ball
3-1: Base on Balls
Batting: LHB José Hernández 0-0: SINGLE (Groundball, 4D)
José Rivera scores
John Haney to third
Ashley Pickhills to second
Runner from 3rd tries for Home, SAFE, no throw
Batting: RHB Valentín Borges 0-0: Ball
1-0: Called Strike
1-1: Ball
2-1: Called Strike
2-2: Foul Ball, location: 2F
2-2: Ball
3-2: Ground out 5-3 (Groundball, 56S)
Top of the 3rd over - 2 run(s), 1 hit(s), 0 error(s), 2 left on base; Birmingham 2 - Niagara Falls 0
BOTTOM OF THE 3RD
Niagara Falls Frenzy batting - Pitching for Birmingham Steeldogs : RHP Pete Cook
Batting: RHB Santiago Zambrano 0-0: Foul Ball, location: 2F
0-1: Ball
1-1: SINGLE (Line Drive, 7S)
Batting: RHB Jorge Cora 0-0: Called Strike
0-1: Ball
1-1: Foul Ball, location: 2F
1-2: Ball
2-2: Foul Ball, location: 2F
2-2: Strikes out swinging
Batting: RHB Zander Tremblett 0-0: Ball
1-0: Called Strike
1-1: Foul Ball, location: 2F
1-2: Strikes out swinging
Batting: LHB Clyde Yarbrough 0-0: Ball
1-0: Fly out, F8 (Flyball, 78M)
Bottom of the 3rd over - 0 run(s), 1 hit(s), 0 error(s), 1 left on base; Birmingham 2 - Niagara Falls 0
TOP OF THE 4TH
Birmingham Steeldogs batting - Pitching for Niagara Falls Frenzy : RHP Étienne Garcia
Batting: LHB Chris Miller 0-0: Called Strike
0-1: Foul Ball, location: 2F
0-2: Ball
1-2: Ball
2-2: SINGLE (Groundball, 4MD)
Batting: RHB Sixto Vélez 0-0: Ball
1-0: Called Strike
1-1: Fly out, F8 (Flyball, 8LD)
Batting: LHB José Rivera 0-0: Grounds into double play, 3-6-3 (Groundball, 3)
Top of the 4th over - 0 run(s), 1 hit(s), 0 error(s), 0 left on base; Birmingham 2 - Niagara Falls 0
BOTTOM OF THE 4TH
Niagara Falls Frenzy batting - Pitching for Birmingham Steeldogs : RHP Pete Cook
Batting: RHB Jung-ha Kim 0-0: Called Strike
0-1: Ball
1-1: Called Strike
1-2: Strikes out swinging
Batting: RHB Luther Stoffels 0-0: SINGLE (Groundball, 6D)
Batting: LHB Bill Hall 0-0: Ball
1-0: Ball
2-0: Ball
3-0: Called Strike
3-1: Base on Balls
Luther Stoffels to second
Batting: RHB Cordell Gibson 0-0: Grounds into double play, 4-6-3 (Groundball, 4)
Bottom of the 4th over - 0 run(s), 1 hit(s), 0 error(s), 1 left on base; Birmingham 2 - Niagara Falls 0
TOP OF THE 5TH
Birmingham Steeldogs batting - Pitching for Niagara Falls Frenzy : RHP Étienne Garcia
Batting: SHB Orlando Aguilar 0-0: Ball
1-0: Foul Ball, location: 2F
1-1: Foul Ball, location: 2F
1-2: Ball
2-2: Strikes out looking
Batting: LHB John Haney 0-0: Called Strike
0-1: Swinging Strike
0-2: Ball
1-2: Foul Ball, location: 2F
1-2: Strikes out swinging
Batting: RHB Nick Webb 0-0: Fly out, F7 (Flyball, 7)
Top of the 5th over - 0 run(s), 0 hit(s), 0 error(s), 0 left on base; Birmingham 2 - Niagara Falls 0
BOTTOM OF THE 5TH
Niagara Falls Frenzy batting - Pitching for Birmingham Steeldogs : RHP Pete Cook
Batting: SHB Dave MacThomas 0-0: Ball
1-0: Ball
2-0: Bunt missed!
2-1: Foul Ball, location: 2F
2-2: Strikes out swinging
Batting: RHB Santiago Zambrano 0-0: Called Strike
0-1: Swinging Strike
0-2: Ball
1-2: Strikes out swinging
Batting: RHB Jorge Cora 0-0: SOLO HOME RUN (Flyball, 7D), Distance : 382 ft
Batting: RHB Zander Tremblett 0-0: Swinging Strike
0-1: Ball
1-1: Ball
2-1: Fly out, F9 (Flyball, 89M)
Bottom of the 5th over - 1 run(s), 1 hit(s), 0 error(s), 0 left on base; Birmingham 2 - Niagara Falls 1
TOP OF THE 6TH
Birmingham Steeldogs batting - Pitching for Niagara Falls Frenzy : RHP Étienne Garcia
Batting: LHB Ashley Pickhills 0-0: Ball
1-0: Foul Ball, location: 2F
1-1: Ground out 4-3 (Groundball, 4)
Batting: LHB José Hernández 0-0: Ball
1-0: Ball
2-0: Ground out 4-3 (Groundball, 4MS)
Batting: RHB Valentín Borges 0-0: Swinging Strike
0-1: Ball
1-1: Foul Ball, location: 2F
1-2: Strikes out swinging
Top of the 6th over - 0 run(s), 0 hit(s), 0 error(s), 0 left on base; Birmingham 2 - Niagara Falls 1
BOTTOM OF THE 6TH
Niagara Falls Frenzy batting - Pitching for Birmingham Steeldogs : RHP Pete Cook
Batting: LHB Clyde Yarbrough 0-0: Swinging Strike
0-1: Swinging Strike
0-2: Ball
1-2: SINGLE (Groundball, 4MD)
Batting: RHB Jung-ha Kim 0-0: Called Strike
Clyde Yarbrough steals 2nd base
0-1: Foul Ball, location: 2F
0-2: Strikes out swinging
Batting: RHB Luther Stoffels 0-0: Ball
1-0: Fly out, F8 (Flyball, 8LD)
Runner from 2nd tags up, SAFE at 3rd, no throw
Batting: LHB Bill Hall 0-0: Called Strike
0-1: Called Strike
0-2: Strikes out swinging
Bottom of the 6th over - 0 run(s), 1 hit(s), 0 error(s), 1 left on base; Birmingham 2 - Niagara Falls 1
TOP OF THE 7TH
Birmingham Steeldogs batting - Pitching for Niagara Falls Frenzy : RHP Étienne Garcia
Pitching: RHP Jean Burrows
Batting: LHB Chris Miller 0-0: Fly out, F4 (Line Drive, 34)
Batting: RHB Sixto Vélez 0-0: Ball
1-0: Ball
2-0: Called Strike
2-1: Ground out 5-3 (Groundball, 56S)
Batting: LHB José Rivera 0-0: Called Strike
0-1: Ball
1-1: Swinging Strike
1-2: Fly out, F9 (Flyball, 9)
Top of the 7th over - 0 run(s), 0 hit(s), 0 error(s), 0 left on base; Birmingham 2 - Niagara Falls 1
BOTTOM OF THE 7TH
Niagara Falls Frenzy batting - Pitching for Birmingham Steeldogs : RHP Pete Cook
Batting: RHB Cordell Gibson 0-0: Called Strike
0-1: Foul Ball, location: 2F
0-2: Foul Ball, location: 2F
0-2: Ball
1-2: Foul Ball, location: 2F
1-2: Ball
2-2: Foul Ball, location: 2F
2-2: Foul Ball, location: 2F
2-2: Ground out 4-3 (Groundball, 4)
Batting: SHB Dave MacThomas 0-0: Swinging Strike
0-1: Ball
1-1: Foul Ball, location: 2F
1-2: Strikes out swinging
Batting: RHB Santiago Zambrano 0-0: Foul Ball, location: 2F
0-1: Called Strike
0-2: Ball
1-2: Foul Ball, location: 2F
1-2: Ball
2-2: Strikes out swinging
Bottom of the 7th over - 0 run(s), 0 hit(s), 0 error(s), 0 left on base; Birmingham 2 - Niagara Falls 1
TOP OF THE 8TH
Birmingham Steeldogs batting - Pitching for Niagara Falls Frenzy : RHP Jean Burrows
Batting: SHB Orlando Aguilar 0-0: Ground out U3 (Groundball, 3L)
Batting: LHB John Haney 0-0: SINGLE (Line Drive, 8LS)
Batting: RHB Nick Webb 0-0: Ball
1-0: Ball
2-0: Fly out, F8 (Line Drive, 8RM)
Batting: LHB Ashley Pickhills 0-0: Ball
1-0: Ball
2-0: Ball
3-0: Base on Balls
John Haney to second
Batting: LHB José Hernández 0-0: Called Strike
0-1: Ball
1-1: Ball
2-1: Ball
3-1: Base on Balls
John Haney to third
Ashley Pickhills to second
Batting: RHB Valentín Borges 0-0: Ball
1-0: Called Strike
1-1: Ball
2-1: Fly out, F7 (Flyball, 7LS)
Top of the 8th over - 0 run(s), 1 hit(s), 0 error(s), 3 left on base; Birmingham 2 - Niagara Falls 1
BOTTOM OF THE 8TH
Niagara Falls Frenzy batting - Pitching for Birmingham Steeldogs : RHP Pete Cook
Batting: RHB Jorge Cora 0-0: Foul Ball, location: 2F
0-1: Ball
1-1: Ball
2-1: SINGLE (Groundball, 6D)
Pitching: RHP César López
Batting: RHB Zander Tremblett 0-0: Bunted foul
0-1: Ball
1-1: Sac Bunt - play at first, batter OUT! 1-4
Jorge Cora to second
Batting: LHB Clyde Yarbrough 0-0: Ball
1-0: Called Strike
1-1: Foul Ball, location: 2F
1-2: Ball
2-2: Foul Ball, location: 2F
2-2: Foul Ball, location: 2F
2-2: Ball
3-2: Ground out 4-3 (Groundball, 4S)
Jorge Cora to third
Batting: RHB Jung-ha Kim 0-0: Ball
1-0: Called Strike
1-1: Foul Ball, location: 2F
1-2: DOUBLE (Line Drive, 9LM)
Jorge Cora scores
Batting: RHB Luther Stoffels 0-0: Ball
1-0: Ball
2-0: Called Strike
2-1: Ball
3-1: Fly out, F8 (Flyball, 8LS)
Bottom of the 8th over - 1 run(s), 2 hit(s), 0 error(s), 1 left on base; Birmingham 2 - Niagara Falls 2
TOP OF THE 9TH
Birmingham Steeldogs batting - Pitching for Niagara Falls Frenzy : RHP Jean Burrows
Pitching: RHP Esteban Juárez
Batting: LHB Chris Miller 0-0: Foul Ball, location: 2F
0-1: Ball
1-1: Foul Ball, location: 2F
1-2: Foul Ball, location: 2F
1-2: Ball
2-2: Foul Ball, location: 2F
2-2: Ball
3-2: Strikes out swinging
Batting: RHB Sixto Vélez 0-0: Swinging Strike
0-1: Ball
1-1: Ball
2-1: Ground out 5-3 (Groundball, 5)
Batting: LHB José Rivera 0-0: SOLO HOME RUN (Flyball, 9D), Distance : 398 ft
Batting: SHB Orlando Aguilar 0-0: Ball
1-0: Ball
2-0: Called Strike
2-1: Foul Ball, location: 2F
2-2: SINGLE (Line Drive, 9S)
Batting: LHB John Haney 0-0: Called Strike
0-1: Ball
1-1: Ball
2-1: Foul Ball, location: 2F
2-2: Strikes out swinging
Top of the 9th over - 1 run(s), 2 hit(s), 0 error(s), 1 left on base; Birmingham 3 - Niagara Falls 2
BOTTOM OF THE 9TH
Niagara Falls Frenzy batting - Pitching for Birmingham Steeldogs : RHP César López
Pitching: RHP Mitch Brown
Now at 1B: Carlos García
Batting: LHB Bill Hall 0-0: Called Strike
0-1: Ball
1-1: Foul Ball, location: 2F
1-2: Reached on error, E3 (Groundball, 34)
Batting: RHB Cordell Gibson 0-0: Ball
1-0: Ball
2-0: Sac Bunt - play at second, runner OUT! 5-6
Batting: SHB Dave MacThomas 0-0: Grounds into double play, 4-6-3 (Groundball, 4)
Bottom of the 9th over - 0 run(s), 0 hit(s), 1 error(s), 0 left on base; Birmingham 3 - Niagara Falls 2
Thursday, March 30th, 2017 - OOTP Baseball 17.12 Build 75